 Dungeon Crawl Stone Soup version 0.29-a0-341-g24ffce5b50 (console) character file.

Game seed: 7430659676738374938

51 lilya the Skirmisher (level 3, -1/28 HPs)
             Began as a Mummy Wanderer on Apr 20, 2022.
             Slain by a gnoll
             ... wielding a +0 flail
              (9 damage)
             ... on level 2 of the Dungeon.
             The game lasted 00:04:34 (2312 turns).

lilya the Skirmisher (Mummy Wanderer)               Turns: 2312, Time: 00:04:35

Health: -1/28      AC:  5    Str: 18    XL:     3   Next: 58%
Magic:  5/5        EV: 10    Int: 12    God:
Gold:   85         SH:  0    Dex:  9    Spells: 3/4 levels left

rFire   x . .      SeeInvis .   g - +4 quick blade
rCold   + . .      Faith    .   (no shield)
rNeg    + + +      Spirit   .   c - +0 ring mail
rPois   ∞          Reflect  .   (no helmet)
rElec   .          Harm     .   (no cloak)
rCorr   .          Rampage  .   (no gloves)
Will    .....                   (no boots)
Stlth   ..........              (no amulet)
HPRegen 0.09/turn               (no ring)
MPRegen 0.09/turn               (no ring)

@: no status effects
A: cold resistance 1, negative energy resistance 3, torment resistance 2, heat
vulnerability 1, in touch with death 1, no potions
a: no special abilities


You were on level 2 of the Dungeon.
You visited 1 branch of the dungeon, and saw 3 of its levels.

You collected 85 gold pieces.

Inventory:

Hand Weapons
 a - a +2 whip of pain
 f - a +0 short sword
 g - a +4 quick blade (weapon)
Armour
 c - a +0 ring mail (worn)
Scrolls
 d - a scroll of identify
 e - a scroll of magic mapping
 h - a scroll of immolation


   Skills:
 + Level 2.8 Fighting
 + Level 1.0 Short Blades
 - Level 0.6 Maces & Flails
 - Level 1.5 Armour
 - Level 1.3 Spellcasting
 - Level 2.4 Summonings
 - Level 0.3 Necromancy
 - Level 2.4 Fire Magic


You had 3 spell levels left.
You knew the following spells:

 Your Spells              Type           Power      Damage    Failure   Level
a - Summon Small Mammal   Summ           24%        N/A       19%         1

Your spell library contained the following spells:

 Spells                   Type           Power      Damage    Failure   Level
 Call Imp                 Summ           6%         N/A       28%         2
 Foxfire                  Conj/Fire      12%        2x1d4     32%         1
 Ignite Poison            Fire/Tmut/Pois 2%         N/A       75%         3
 Ozocubu's Armour         Ice            0%         N/A       83%         3
 Summon Lightning Spire   Summ/Air       3%         N/A       97%         4
 Ozocubu's Refrigeration  Ice            0%         4d5       100%        7


Dungeon Overview and Level Annotations

Branches:
Dungeon (3/15)

Altars:

Annotations:
D:2 Sigmund


Innate Abilities, Weirdness & Mutations

You are immune to poison.
Your flesh is cold resistant. (rC+)
You are immune to negative energy. (rN+++)
You are immune to unholy pain and torment.
You are vulnerable to heat. (rF-)
You are in touch with the powers of death.
You do not drink.


Message History

The bat barely misses you.
You climb upwards.
Reactivating autopickup.
There is a stone staircase leading down here.
You start resting.
HP restored.
There is an open door here.
There is an open door here.
There is an open door here.
There is a stone staircase leading down here.
You climb downwards.
Level annotation: Sigmund
There is a stone staircase leading up here.
There is a stone staircase leading down here.
You climb downwards.
The gnoll shouts! x3; You hear a shout! x2; You hear an angry hiss. x2
You hear a bark!
There is a stone staircase leading up here.
The gnoll misses you. The gnoll hits you with a +0 flail!
You climb upwards.
Level annotation: Sigmund
There is a stone staircase leading down here.
Okay, then.
You can't drink.
Unknown command.
Okay, then.
Okay, then.
You hit the gnoll but do no damage. You hit the gnoll but do no damage.
The gnoll barely misses you. The gnoll closely misses you.
You hit the gnoll.
The gnoll is moderately wounded.
The gnoll completely misses you. The gnoll hits you with a +0 flail!
* * * LOW HITPOINT WARNING * * *
You hit the gnoll. You punch the gnoll.
The gnoll is heavily wounded.
You hit the gnoll.
The gnoll is almost dead.
The gnoll hits you with a +0 flail!
You die...

##.#.##.# #....#.#
###....# ###..###
##...#### ##......####
#..##......#
###.####.<.###
#...#.@g.#..# #########
#.###g#####.#
........###.# #.# #.#
..#####..†..###.# #.###
.## ####..#...#####...#
..####..#.............#
...#..#...#...#.#######
##...#...#...#....#
##..#...#...#...#.)#


You could see 2 gnolls.

Vanquished Creatures
  2 dart slugs (D:1)
  4 endoplasms
  A giant cockroach (D:1)
  2 goblins (D:1)
  A quokka (D:1)
  2 ball pythons (D:1)
  3 bats (D:1)
  2 frilled lizards
  A kobold (D:1)
  4 rats
22 creatures vanquished.

Vanquished Creatures (collateral kills)
  An iguana (D:1)
  A kobold (D:1)
2 creatures vanquished.

Grand Total: 24 creatures vanquished

Notes
Turn   | Place    | Note
-------+----------+-------------------------------------------
     0 | D:1      | lilya the Mummy Wanderer began the quest for the Orb.
     0 | D:1      | lilya set off with the following items: a +0 club, a scroll
                  | of summoning, a +0 ring mail; and the following spells
                  | available to memorise: Summon Small Mammal, Call Imp,
                  | Foxfire, Ignite Poison, Summon Lightning Spire
     0 | D:1      | Reached XP level 1. HP: 15/15 MP: 2/2
     2 | D:1      | Learned a level 1 spell: Summon Small Mammal
   567 | D:1      | Reached XP level 2. HP: 22/22 MP: 0/4
  1627 | D:2      | Identified a scroll of acquirement
  1629 | D:2      | Acquired a +4 quick blade
  1710 | D:2      | Noticed Sigmund
  1938 | D:1      | Reached skill level 1 in Short Blades
  1938 | D:1      | Gained mutation: You are in touch with the powers of death.
                  | [Mummy growth]
  1938 | D:1      | Reached XP level 3. HP: 5/28 MP: 5/5
  2312 | D:2      | Slain by a gnoll

Illustrated notes

Levels and vault maps discovered:
D:1:      dpeg_arrival_connections, layout_loops_corners
D:2:      layout_rooms, hex_medium, uniq_sigmund
D:3:      layout_basic, hellmonk_ecumenical_altar_watching_god, minmay_circle_x

Skill      XL: |  1  2 |
---------------+-------+-----
Fighting       | 2 |  2.8
Short Blades   | 1 |  1.0
Maces & Flails | |  0.6
Armour         | |  1.5
Spellcasting   | |  1.3
Summonings     | |  2.4
Necromancy     | |  0.3
Fire Magic     | |  2.4

Action                   || total
-------------------------++-------
Melee: Club              ||    30
       Punch             ||     2
       Dagger            ||     1
       Short sword       ||    34
       Whip              ||    30
       Quick blade       ||    11
 Cast: Summon Small Mamm ||     6
  Use: Scroll            ||     5
Armor: Ring mail         ||    40
Dodge: Dodged            ||    63

Table legend: (Time is in decaauts)
 A = Elapsed time spent in this place.
 B = Non-inter-level travel time spent in this place.
 C = Inter-level travel time spent in this place.
 D = Time resting spent in this place.
 E = Time spent auto-exploring this place.
 F = Levels seen in this place.
 G = Mean time per level.
                   A        B        C        D        E       F      G
               +--------+--------+--------+--------+--------+-----+--------+
         Total |   2327 |   2103 |    224 |    961 |    785 |   3 |  775.7 |
       Dungeon |   2327 |   2103 |    224 |    961 |    785 |   3 |  775.7 |
               +--------+--------+--------+--------+--------+-----+--------+

Top non-repeatable levels by time:
     D:1: 2107 daAuts
     D:2: 218 daAuts
     D:3: 1 daAuts
